Map: [ESL] Gresvan

Players

Reynor - Winner!

  • Race: Zerg Zerg
  • League: Master
  • Spawn Location: 5:00

Solar

  • Race: Zerg Zerg
  • League: Master
  • Spawn Location: 11:00

Event: HomeStory Cup XXIII

VOD

Have the link to the VOD?

Description

Time

  • Played on: July 2, 2023, 4:48 p.m.
  • Length: 5:52

All games in this series

Show
View Real Time Build Order
Export as new Build Order

Reynor Zerg - Winner!

Build Orders: Hatch First, Zergling Baneling 

Get SALT Encoding   

  12  0:00  Drone  
  13  0:11  Overlord  
  13  0:16  Drone  
  14  0:30  Drone x2  
  16  0:48  Hatchery  
  15  0:50  Drone  
  15  0:53  Drone  
  15  0:56  Drone  
  18  1:07  Extractor  
  17  1:12  Spawning Pool  
  17  1:16  Drone  
  17  1:18  Drone  
  18  1:27  Drone  
  19  1:37  Drone  
  20  1:48  Drone  
  21  1:58  Overlord  
  21  1:59  Queen x2  
  21  2:00  Zergling x2  
  26  2:07  Metabolic Boost  
  26  2:10  Drone x2  
  28  2:20  Zergling x2  
  28  2:21  Drone  
  30  2:32  Hatchery  
  30  2:35  Drone  
  30  2:37  Drone  
  30  2:43  Baneling Nest  
  30  2:46  Drone  
  31  2:52  Drone  
  31  2:53  Overlord  
  31  2:56  Drone  
  33  3:07  Drone  
  33  3:09  Drone  
  33  3:11  Zergling x8  
  33  3:12  Zergling x2  
  40  3:15  Overlord  
  40  3:20  Drone x2  
  42  3:27  Evolution Chamber  
  42  3:29  Queen  
  42  3:32  Drone  
  44  3:35  Drone  
  44  3:38  Overlord  
  45  3:46  Zergling x8  
  49  3:49  Zergling x2  
  49  3:52  Zergling x4  
  49  3:55  Zergling x4  
  54  3:59  Overlord  
  54  4:04  Baneling  
  54  4:05  Baneling, Zergling x4  
  56  4:12  Baneling x2  
  56  4:13  Zergling x4  
  56  4:14  Zergling x4  
  56  4:16  Baneling x3  
  60  4:20  Zergling x4  
  62  4:24  Baneling x3  
  62  4:25  Baneling  
  62  4:27  Zergling x4  
  63  4:32  Zergling x2  
  63  4:33  Zergling x4  
  63  4:38  Zergling x2  
  59  4:41  Zergling x6  
  55  4:46  Zergling x6  
  55  4:52  Zergling x4  
  53  4:54  Zergling x2  
  47  5:01  Zergling x4  
  47  5:06  Queen  
  51  5:07  Zergling x2  
  51  5:14  Zergling x6  
  53  5:15  Baneling x4  
  51  5:23  Zergling x4  
  51  5:24  Zergling x2  
  51  5:28  Zergling x10  
  56  5:30  Zergling x2  
  56  5:35  Baneling x2  
Show
View Real Time Build Order
Export as new Build Order

Solar Zerg 

Build Orders: Hatch First 

Get SALT Encoding   

  12  0:00  Drone  
  13  0:12  Overlord  
  13  0:16  Drone  
  14  0:30  Drone x2  
  16  0:47  Hatchery  
  15  0:50  Drone  
  15  0:54  Drone  
  17  0:57  Drone  
  18  1:09  Extractor  
  17  1:13  Spawning Pool  
  17  1:15  Drone  
  17  1:19  Drone  
  18  1:28  Drone  
  19  1:39  Drone  
  20  1:49  Drone  
  21  1:59  Queen x2  
  21  2:00  Zergling x2  
  21  2:01  Overlord  
  26  2:09  Drone  
  26  2:10  Drone  
  26  2:15  Metabolic Boost  
  28  2:21  Drone x2  
  30  2:32  Hatchery  
  30  2:35  Zergling x2  
  30  2:41  Queen  
  32  2:48  Baneling Nest  
  32  2:50  Drone  
  32  2:53  Overlord  
  32  2:58  Drone  
  33  2:59  Drone  
  33  3:03  Drone  
  33  3:04  Drone  
  36  3:13  Zergling x4  
  36  3:15  Zergling x2  
  36  3:17  Drone x2  
  41  3:20  Drone  
  41  3:22  Overlord  
  41  3:26  Drone  
  41  3:27  Drone  
  44  3:32  Evolution Chamber  
  43  3:35  Drone  
  43  3:40  Baneling x2  
  43  3:41  Zergling x8  
  43  3:45  Drone  
  48  3:49  Drone  
  48  3:50  Overlord  
  48  3:54  Drone x2  
  48  3:55  Drone  
  52  3:57  Drone  
  53  4:07  Drone  
  53  4:08  Drone x2  
  56  4:14  Extractor, Roach Warren  
  56  4:16  Extractor  
  53  4:17  Overlord  
  53  4:19  Zergling x2  
  53  4:20  Zergling x2  
  53  4:21  Baneling  
  55  4:24  Zergling x10  
  55  4:26  Baneling x3  
  55  4:28  Zergling x2  
  55  4:31  Zergling x4  
  63  4:34  Zergling x2  
  63  4:37  Queen  
  64  4:41  Zergling x4  
  53  4:46  Zergling x2  
  53  4:52  Zergling x6  
  51  4:54  Zergling x6  
  51  4:57  Zergling x2  
  50  5:01  Queen  
  51  5:11  Zergling x10  
  52  5:20  Zergling x2  
  51  5:22  Zergling x4  
  51  5:24  Zergling x2  
  50  5:28  Zergling x4  
  50  5:32  Zergling x2  
  50  5:33  Zergling x4  
Tags
 
Add a new tag
Caveats
  • Supply blocks, unpowered buildings, or Contaminate may cause inaccurate times.
  • Supply counts are checked every 10 seconds.